 Dungeon Crawl Stone Soup version 0.23.2-1-ga50397a (webtiles) character file.

Game seed: 6445305186740622653

18018 doot the Eclecticist (level 12, -10/64 HPs)
             Began as a Deep Elf Wizard on May 18, 2019.
             Was a High Priest of Vehumet.
             Shot with a bolt by an orc knight (37 damage)
             ... on level 2 of the Orcish Mines.
             The game lasted 00:55:19 (16519 turns).

doot the Eclecticist (Deep Elf Wizard)             Turns: 16519, Time: 00:55:19

Health: -10/64     AC: 10    Str:  4    XL:     12   Next: 24%
Magic:  2/52       EV: 14    Int: 34    God:    Vehumet [*****.]
Gold:   1163       SH:  0    Dex: 13    Spells: 9/41 levels left

rFire    . . .     SeeInvis .   y - +2 quarterstaff (chaos)
rCold    . . .     Gourm    .   (shield currently unavailable)
rNeg     + . .     Faith    .   S - +2 robe {Archmagi}
rPois    .         Spirit   .   R - +3 hat of Pondering {ponderous, MR+ MP+10 Int+5}
rElec    .         Reflect  .   z - +1 cloak
rCorr    .         Harm     .   U - +0 pair of gloves
MR       ++...                  (no boots)
Stlth    +++.......             M - amulet of magic regeneration
HPRegen  0.20/turn              t - ring of positive energy
MPRegen  0.58/turn              v - ring of magical power

@: slow
A: no striking features
a: Renounce Religion


You were on level 2 of the Orcish Mines.
You worshipped Vehumet.
Vehumet was extremely pleased with you.
You were not hungry.

You visited 3 branches of the dungeon, and saw 15 of its levels.

You collected 1293 gold pieces.
You spent 130 gold pieces at shops.

Inventory:

Hand Weapons
 o - a +1 short sword of protection
 y - a +2 quarterstaff of chaos (weapon)
 X - a +1 scimitar of flaming
Missiles
 A - 137 arrows
Armour
 b - a +0 hat
 u - a +1 leather armour of magic resistance
 z - a +1 cloak (worn)
 H - the +1 leather armour of Moral Flaws {+Fly}
   (You found it on level 7 of the Dungeon)

   It lets you fly.
 R - the +3 hat of Pondering (worn) {ponderous, MR+ MP+10 Int+5}
   (You took it off Gastronok on level 11 of the Dungeon)

   It affects your intelligence (+5).
   It affects your resistance to hostile enchantments.
   It affects your magic capacity (+10).
 S - a +2 robe of the Archmagi (worn)
 U - a +0 pair of gloves (worn)
Jewellery
 g - an uncursed ring of protection from fire
 t - a ring of positive energy (left hand)
 v - a ring of magical power (right hand)
 G - an uncursed ring of magical power
 M - an amulet of magic regeneration (around neck)
Wands
 B - a wand of digging (15)
 J - a wand of disintegration (13)
 N - a wand of random effects (32)
 O - a wand of flame (23)
 V - a wand of clouds (4)
Scrolls
 f - 8 scrolls of remove curse
 h - 11 scrolls of teleportation
 l - 2 scrolls of amnesia
 m - 2 scrolls of random uselessness {unknown}
 p - a scroll of holy word {unknown}
 q - 2 scrolls of noise
 r - 5 scrolls of magic mapping
 w - 2 scrolls of immolation {unknown}
 C - 2 scrolls of enchant armour
 E - 2 scrolls of fear {unknown}
 L - 4 scrolls of enchant weapon {unknown}
 T - a scroll of identify
Potions
 a - a potion of invisibility
 c - 3 potions of lignification
 e - 2 potions of haste
 i - a potion of berserk rage {unknown}
 j - 9 potions of curing
 k - 4 potions of degeneration
 n - 2 potions of resistance
 s - a potion of agility
 x - 2 potions of mutation
 D - 4 potions of heal wounds
 F - 2 potions of brilliance
 I - 2 potions of might
 K - 3 potions of flight
 P - a potion of magic {unknown}
Miscellaneous
 Q - a box of beasts
Comestibles
 d - 13 rations
 W - 4 chunks of flesh


   Skills:
 + Level 3.1 Fighting
 + Level 0.3 Short Blades
 + Level 5.9 Staves
 + Level 3.3 Armour
 + Level 4.8 Dodging
 + Level 6.9 Stealth
 + Level 15.3 Spellcasting
 + Level 10.3 Conjurations
 + Level 1.9 Hexes
 + Level 2.9 Charms
 + Level 3.3 Summonings
 + Level 1.2 Necromancy
 + Level 4.2 Translocations
 + Level 2.3 Transmutations
 + Level 3.4 Fire Magic
 + Level 3.3 Air Magic
 + Level 3.2 Poison Magic


You had 9 spell levels left.
You knew the following spells:

 Your Spells              Type           Power        Failure   Level  Hunger
a - Magic Dart            Conj           ####         0%          1    None
b - Blink                 Tloc           N/A          1%          2    None
c - Call Imp              Summ           ######..     1%          2    None
d - Yara's Violent Unrav  Hex/Tmut       ######....   5%          5    None
e - Conjure Flame         Conj/Fire      #######.     1%          3    None
f - Mephitic Cloud        Conj/Pois/Air  #######.     1%          3    None
g - Sticks to Snakes      Tmut           ######..     1%          2    None
h - Flame Tongue          Conj/Fire      #####        1%          1    None
i - Searing Ray           Conj           ######       1%          2    None
j - Regeneration          Chrm/Necr      ######....   1%          3    None
k - Slow                  Hex            ######..     1%          2    None
l - Poison Arrow          Conj/Pois      #######...   4%          6    ##.....

Your spell library contained the following spells:

 Spells                   Type           Power        Failure   Level  Hunger
 Animate Skeleton         Necr           N/A          1%          1    None
 Apportation              Tloc           ######       1%          1    None
 Beastly Appendage        Tmut           ######       1%          1    None
 Confusing Touch          Hex            ######       1%          1    None
 Infusion                 Chrm           ####         1%          1    None
 Shock                    Conj/Air       ####         1%          1    None
 Summon Small Mammal      Summ           ####         1%          1    None
 Shroud of Golubria       Chrm/Tloc      ######....   1%          2    None
 Song of Slaying          Chrm           ######..     1%          2    None
 Swiftness                Chrm/Air       ######..     1%          2    None
 Spectral Weapon          Hex/Chrm       ######..     1%          3    None
 Spider Form              Tmut/Pois      ######....   1%          3    None
 Static Discharge         Conj/Air       #######.     1%          3    None
 Airstrike                Air            ######....   1%          4    None
 Lightning Bolt           Conj/Air       #######...   1%          5    None
 Ice Form                 Ice/Tmut       ######..     10%         4    None
 Blade Hands              Tmut           ######....   16%         5    None


Dungeon Overview and Level Annotations

Branches:
Dungeon (12/15)            Temple (1/1) D:6            Lair (0/6) D:10
    Orc (2/2) D:10
    Elf: Orc:2

Altars:
Ashenzari
Cheibriados
Dithmenos
Elyvilon
Fedhas
Gozag
Hepliaklqana
Kikubaaqudgha
Makhleb
Nemelex Xobeh
Okawaru
Qazlal
Ru
Sif Muna
Trog
Uskayaw
Vehumet
Wu Jian
Xom
Yredelemnul
Zin
The Shining One
Beogh

Shops:
D:11 !


Message History

Press: ? - help, Shift-Dir - straight line, f - orc warrior, p - orc knight
Aim: an orc warrior, wielding a +0 arbalest (unusually strong)
You feel a surge of power!
The poison arrow hits the orc warrior!!
The orc warrior looks as sick as possible!
You kill the orc warrior!
Vehumet accepts your kill.
You feel your power returning.
You hear a shout!
Unknown command.
Casting: Poison Arrow (safe; 4% risk of failure)
Confirm with . or Enter, or press ? or * to list all spells.
You don't have enough magic to cast that spell.
The orc knight unwields a +0 great mace.
The orc knight wields a +0 arbalest.
The orc knight shoots a bolt.
The bolt hits you!
You see here a bolt.
Unknown command.
The orc knight shoots a bolt.
The bolt hits you!!!
Ouch! That really hurt!
You die...

..#....#..#.####.
............$#...
..................
...........$......
......<...........
..............#...
..................
......^.(....$....
.......(.@........
....$.............
..................
..................
..###...##..##..##
≈ #≈≈....o)....#
#≈≈≈....)o....
##≈≈≈ ..))). ###≈≈
≈.)..


You could see an orc knight and an orc warrior.

Vanquished Creatures
  Gastronok (D:11)
  Erolcha (Orc:1)
  A hydra (D:11)
  Erica (D:11)
  A death knight (D:11)
  3 two-headed ogres
  2 tengu warriors (D:12)
  An ugly thing (D:11)
  A centaur skeleton (D:11)
  3 trolls (D:11)
  2 hornets (D:11)
  A slime creature (D:11)
  A hippogriff (D:8)
  A wraith (D:11)
  Eustachio (D:4)
  Grum (D:8)
  A wyvern (D:11)
  A human (D:6)
  6 hungry ghosts
  Menkaure (D:5)
  A two-headed ogre zombie (D:10)
  An acid dragon (D:11)
  A water moccasin (D:10)
  Duvessa (D:6)
  4 ice beasts
  2 black bears
  3 phantoms
  A sky beast (D:5)
  A black bear (shapeshifter) (D:11)
  13 orc warriors
  3 ogres
  4 wolves (D:8)
  10 centaurs
  A crocodile (D:9)
  A big kobold (D:11)
  Blork the orc (D:6)
  11 bullfrogs
  A gnoll sergeant (D:9)
  A wyvern zombie (D:11)
  A wyvern skeleton (D:9)
  Dowan (D:6)
  4 scorpions
  3 jellies
  4 killer bees
  3 howler monkeys
  3 wights (D:9)
  3 crimson imps
  A bullfrog zombie (D:10)
  2 quasits
  Crazy Yiuf (D:4)
  7 orc priests
  4 hounds
  2 bullfrog skeletons (D:8)
  3 iguanas
  5 orc wizards
  5 worker ants
  6 ogre zombies (D:10)
  2 hound skeletons
  A howler monkey zombie (D:7)
  Robin (D:3)
  12 adders
  5 gnolls
  4 shadow imps
  An adder zombie (D:8)
  2 worms
  A dart slug (D:1)
  3 leopard geckos
  50 orcs
  7 giant cockroaches
  10 hobgoblins
  12 jackals
  14 kobolds
  3 quokkas
  A ball python (D:8)
  6 bats
  4 frilled lizards
  14 goblins
  4 goblin skeletons
  A goblin zombie (D:10)
  3 hobgoblin skeletons (D:10)
  4 hobgoblin zombies (D:10)
  A kobold zombie (D:6)
  3 orc skeletons (D:10)
  10 orc zombies (D:10)
  10 rats
  A fungus (D:4)
340 creatures vanquished.

Vanquished Creatures (collateral kills)
  A hungry ghost (D:10)
  A sky beast (D:8)
  A worker ant (D:4)
  An ogre zombie (D:10)
  6 orcs
  A goblin (D:3)
  A jackal (D:3)
  An orc zombie (D:10)
13 creatures vanquished.

Vanquished Creatures (others)
  A bat (D:1)
1 creature vanquished.

Grand Total: 354 creatures vanquished

Notes
Turn   | Place    | Note
-------+----------+-------------------------------------------
     0 | D:1      | doot the Deep Elf Wizard began the quest for the Orb.
     0 | D:1      | Reached XP level 1. HP: 10/10 MP: 7/7
   669 | D:1      | Reached skill level 5 in Spellcasting
   669 | D:1      | Reached XP level 2. HP: 15/15 MP: 5/10
   681 | D:1      | Learned a level 2 spell: Blink
   684 | D:1      | Learned a level 2 spell: Call Imp
   687 | D:1      | Learned a level 2 spell: Slow
  1074 | D:1      | Reached XP level 3. HP: 19/19 MP: 7/11
  1083 | D:1      | Learned a level 3 spell: Conjure Flame
  1680 | D:2      | Learned a level 3 spell: Mephitic Cloud
  1999 | D:4      | Noticed a bullfrog
  2007 | D:4      | Killed a bullfrog
  2007 | D:4      | Reached skill level 6 in Spellcasting
  2007 | D:4      | Reached XP level 4. HP: 8/24 MP: 4/14
  2298 | D:4      | Noticed Eustachio
  2486 | D:3      | Found a deep blue altar of Sif Muna.
  2545 | D:3      | Reached XP level 5. HP: 24/28 MP: 7/15
  2752 | D:4      | Noticed an ogre
  2781 | D:4      | Killed Eustachio
  2781 | D:4      | Reached skill level 7 in Spellcasting
  2781 | D:4      | Reached XP level 6. HP: 17/33 MP: 4/18
  3451 | D:4      | Found a runed translucent door.
  3452 | D:4      | Noticed Crazy Yiuf
  3465 | D:4      | Killed Crazy Yiuf
  3465 | D:4      | Reached skill level 8 in Spellcasting
  3564 | D:5      | Entered Level 5 of the Dungeon
  3573 | D:5      | Reached XP level 7. HP: 37/37 MP: 20/20
  3716 | D:5      | Noticed Menkaure
  3774 | D:5      | Found a shimmering altar of Xom.
  4053 | D:6      | Noticed Blork the orc
  4106 | D:6      | Killed Blork the orc
  4300 | D:6      | Found a hazy altar of Hepliaklqana.
  4579 | D:6      | Reached skill level 9 in Spellcasting
  4719 | D:6      | Reached skill level 1 in Armour
  4731 | D:6      | Found a staircase to the Ecumenical Temple.
  4868 | D:6      | Noticed Duvessa
  4870 | D:6      | Noticed Dowan
  4874 | Temple   | Entered the Ecumenical Temple
  4995 | Temple   | Became a worshipper of Vehumet
  5732 | D:2      | Found a glowing golden altar of the Shining One.
  5742 | D:2      | Found a white marble altar of Elyvilon.
  5893 | D:2      | Learned a level 2 spell: Sticks to Snakes
  6241 | D:3      | Noticed Robin
  6248 | D:3      | Killed Robin
  6248 | D:3      | Reached * piety under Vehumet
  6248 | D:3      | Offered knowledge of Flame Tongue by Vehumet.
  6309 | D:3      | Found an ornate altar of the Wu Jian Council.
  6801 | D:5      | Learned a level 1 spell: Flame Tongue
  6914 | D:5      | Found a sacrificial altar of Ru.
  6941 | D:5      | Reached skill level 5 in Conjurations
  6941 | D:5      | Reached XP level 8. HP: 23/42 MP: 20/23
  7334 | D:5      | Killed Menkaure
  7334 | D:5      | Reached skill level 1 in Fighting
  7334 | D:5      | Reached skill level 1 in Staves
  7334 | D:5      | Reached skill level 1 in Fire Magic
  7544 | D:6      | Found a runed translucent door.
  7548 | D:6      | Found a basalt altar of Yredelemnul.
  7618 | D:6      | Killed Duvessa
  7618 | D:6      | Reached skill level 10 in Spellcasting
  7625 | D:6      | Killed Dowan
  7849 | D:7      | Reached skill level 1 in Poison Magic
  7863 | D:7      | Reached ** piety under Vehumet
  7863 | D:7      | Offered knowledge of Searing Ray by Vehumet.
  7925 | D:7      | Learned a level 2 spell: Searing Ray
  8048 | D:7      | Reached skill level 1 in Air Magic
  8096 | D:7      | Reached XP level 9. HP: 47/47 MP: 25/25
  8164 | D:7      | Identified the +5 large shield of Jyozud {*Contam +Blink
                  | Int+9 Slay-5}
  8220 | D:7      | Got a heavily runed leather armour
  8231 | D:7      | Identified the +1 leather armour of Moral Flaws {+Fly} (You
                  | found it on level 7 of the Dungeon)
  8559 | D:7      | Found a shadowy altar of Dithmenos.
  8869 | D:7      | Offered knowledge of Stone Arrow by Vehumet.
  8869 | D:7      | Reached skill level 11 in Spellcasting
  9068 | D:8      | Noticed Grum
  9077 | D:8      | Killed Grum
  9083 | D:8      | Reached skill level 5 in Stealth
  9354 | D:8      | Reached *** piety under Vehumet
  9632 | D:8      | Noticed a two-headed ogre
  9656 | D:8      | Killed a two-headed ogre
  9656 | D:8      | Reached skill level 12 in Spellcasting
  9656 | D:8      | Reached XP level 10. HP: 53/53 MP: 13/28
  9949 | D:8      | Learned a level 3 spell: Regeneration
 10144 | D:8      | Found a stormy altar of Qazlal.
 11487 | D:9      | Offered knowledge of Iskenderun's Mystic Blast by Vehumet.
 11908 | D:10     | Entered Level 10 of the Dungeon
 12006 | D:10     | Found a staircase to the Lair.
 12007 | D:10     | Found a shattered altar of Ashenzari.
 12253 | D:10     | Found a staircase to the Orcish Mines.
 12271 | D:10     | Reached **** piety under Vehumet
 12277 | D:10     | Offered knowledge of Yara's Violent Unravelling by Vehumet.
 12288 | D:10     | Learned a level 5 spell: Yara's Violent Unravelling
 12514 | D:10     | Reached skill level 5 in Staves
 12551 | D:10     | Reached skill level 13 in Spellcasting
 13369 | D:10     | Reached skill level 1 in Charms
 13903 | Orc:1    | Entered Level 1 of the Orcish Mines
 13903 | Orc:1    | Found a roughly hewn altar of Beogh.
 13903 | Orc:1    | Noticed Erolcha
 13918 | Orc:1    | Killed Erolcha
 14077 | Orc:1    | Reached XP level 11. HP: 57/57 MP: 30/30
 14237 | Orc:1    | Noticed a two-headed ogre
 14361 | D:11     | Found Pafruff's Distillery.
 14369 | D:11     | Bought a potion of resistance for 130 gold pieces
 14389 | D:11     | Noticed a white ugly thing
 14413 | D:11     | Killed a white ugly thing
 14556 | D:11     | Learned a level 2 spell: Slow
 14723 | D:11     | Reached skill level 1 in Transmutations
 14940 | D:11     | Reached ***** piety under Vehumet
 14943 | D:11     | Offered knowledge of Poison Arrow by Vehumet.
 14955 | D:11     | Learned a level 6 spell: Poison Arrow
 15204 | D:11     | Noticed Gastronok
 15220 | D:11     | Killed Gastronok
 15220 | D:11     | Reached skill level 14 in Spellcasting
 15220 | D:11     | Reached skill level 1 in Hexes
 15497 | D:11     | Reached skill level 1 in Necromancy
 15636 | D:11     | Noticed a death knight
 15654 | D:11     | Killed a death knight
 15830 | D:11     | Noticed a six-headed hydra
 15838 | D:11     | Killed a six-headed hydra
 15991 | D:11     | Noticed a two-headed ogre
 16009 | D:11     | Killed a two-headed ogre
 16164 | D:11     | Noticed Erica
 16165 | D:11     | Killed Erica
 16165 | D:11     | Reached skill level 10 in Conjurations
 16272 | D:12     | Noticed a tengu warrior
 16272 | D:12     | Noticed a tengu warrior
 16272 | D:12     | Noticed a two-headed ogre
 16273 | D:12     | Killed a tengu warrior
 16273 | D:12     | Reached XP level 12. HP: 64/64 MP: 32/32
 16275 | D:12     | Killed a tengu warrior
 16275 | D:12     | Reached skill level 15 in Spellcasting
 16371 | Orc:1    | Killed a two-headed ogre
 16487 | Orc:2    | Entered Level 2 of the Orcish Mines
 16519 | Orc:2    | Shot with a bolt by an orc knight

Skill      XL: |  1  2  3  4  5  6  7  8  9 10 11 12 |
---------------+-------------------------------------+-----
Spellcasting   | 5 6 7 8 9 10 12 13 14 15 | 15.3
Stealth        | 3 4 5 6 |  6.9
Dodging        | 3 4 |  4.8
Conjurations   | 2 3 4 5 6 8 10 | 10.3
Summonings     | 2 3 |  3.3
Armour         | 1 2 3 |  3.3
Fighting       | 1 2 3 |  3.1
Staves         | 2 4 5 |  5.9
Fire Magic     | 1 2 3 |  3.4
Poison Magic   | 1 2 3 |  3.2
Air Magic      | 1 2 3 |  3.3
Translocations | 2 3 4 |  4.2
Charms         | 1 2 |  2.9
Transmutations | 2 |  2.3
Hexes          | 1 |  1.9
Necromancy     | 1 |  1.2
Short Blades   | |  0.3

Action                   |  1- 3 |  4- 6 |  7- 9 | 10-12 || total
-------------------------+-------+-------+-------+-------++-------
Melee: Unarmed           |     1 |       |       |       ||     1
       Short sword       |     3 |    32 |       |       ||    35
       Quarterstaff      |       |       |    89 |   100 ||   189
 Cast: Magic Dart        |   108 |    85 |   294 |   216 ||   703
       Conjure Flame     |     2 |     3 |    31 |    39 ||    75
       Slow              |     1 |       |     1 |     1 ||     3
       Call Imp          |       |     9 |    11 |     9 ||    29
       Mephitic Cloud    |       |     4 |    24 |    13 ||    41
       Blink             |       |       |    12 |    15 ||    27
       Flame Tongue      |       |       |    15 |       ||    15
       Searing Ray       |       |       |     1 |    54 ||    55
       Regeneration      |       |       |       |     8 ||     8
       Sticks to Snakes  |       |       |       |     6 ||     6
       Yara's Violent Un |       |       |       |     3 ||     3
       Poison Arrow      |       |       |       |    41 ||    41
  Use: Scroll            |       |       |     1 |    15 ||    16
       Potion            |       |       |     1 |       ||     1
 Stab: Confused          |       |       |     6 |     2 ||     8
       Petrified         |       |       |     5 |       ||     5
       Sleeping          |       |       |       |     2 ||     2
       Paralysed         |       |       |       |     6 ||     6
  Eat: Chunk             |     3 |     4 |    18 |    25 ||    50
       Ration            |       |       |       |     1 ||     1
Armor: Robe              |     9 |     4 |       |    15 ||    28
       Leather armour    |       |     2 |    36 |    27 ||    65
Dodge: Dodged            |    33 |    31 |    61 |    94 ||   219
